[Event "Titled Tuesday Blitz January 31 Early 2023"]
[White "Anton Guijarro, David"]
[Black "Corrales Jimenez, Fidel"]
[WhiteFideId "2285525"]
[BlackFideId "3506690"]
[WhiteElo "2690"]
[BlackElo "2489"]
[Result "1-0"]
[Round "04"]
[TimeControl "180+2"]
[Date "2023.01.31"]
[WhiteClock "0:00:26"]
[BlackClock "0:00:03"]

1. d4 Nf6 2. Nf3 g6 3. Bg5 Bg7 4. Nbd2 d5 5. e3 O-O 6. Be2 b6 7. O-O Bb7 8. Ne5 Nbd7 9. f4 c5 10. c3 a6 11. Bh4 Ne8 12. Qb3 c4 13. Qa3 Nd6 14. b3 b5 15. Bf3 cxb3 16. axb3 Nf6 17. Rfc1 Nde4 18. Nxe4 dxe4 19. Be2 Nd5 20. c4 b4 21. Qa4 Nxe3 22. Qxb4 Qxd4 23. Bf2 Qb2 24. Qxb7 Qxe2 25. Qxe4 Qb2 26. Qxe3 Rfb8 27. Rab1 Qa2 28. c5 a5 29. c6 Rc8 30. Qc3 Qa3 31. Bc5 1-0


[Site "https://www.chess.com"]

[Event "Titled Tuesday Blitz January 31 Early 2023"]
[White "Hambleton, Aman"]
[Black "Chigaev, Maksim"]
[WhiteFideId "2606577"]
[BlackFideId "4108116"]
[WhiteElo "2420"]
[BlackElo "2628"]
[Result "0-1"]
[Round "04"]
[TimeControl "180+2"]
[Date "2023.01.31"]
[WhiteClock "0:00:02"]
[BlackClock "0:00:05"]

1. d4 Nf6 2. Bf4 d6 3. e3 g6 4. h3 Bg7 5. Nf3 c5 6. c3 Qb6 7. Qb3 Be6 8. Qxb6 axb6 9. a3 Bd5 10. Nbd2 Bc6 11. Bd3 O-O 12. O-O Nbd7 13. Rad1 Rfd8 14. Bc2 b5 15. Rfe1 Nd5 16. Bg3 N5b6 17. e4 cxd4 18. cxd4 d5 19. exd5 Nxd5 20. Ne4 N7b6 21. Bb3 Nc4 22. Re2 Ndb6 23. Rde1 Bxe4 24. Rxe4 e6 25. R4e2 Rac8 26. Bh4 Rd7 27. g4 h6 28. Bg3 Bxd4 29. Nxd4 Rxd4 30. Kg2 Rcd8 31. Rc1 g5 32. Rcc2 R8d7 33. Ba2 Rd2 34. Bb3 Rxe2 35. Rxe2 Rd2 36. Rxd2 Nxd2 37. Bc2 Ndc4 38. b3 Nxa3 39. Bd3 Nd5 40. Bd6 b4 41. Be4 f6 42. Bxd5 exd5 43. Bxb4 Nb5 44. Bc5 Kf7 45. Kf3 Ke6 46. Ke3 Kf7 47. f4 Kg6 48. f5+ Kg7 49. Kd3 h5 50. Ke3 h4 51. Kd3 Kf7 52. Ke3 Ke8 53. Kd3 Kd7 54. Ke3 Nd6 55. Kd4 Kc6 56. Bb4 Ne4 57. Be7 b6 58. b4 b5 59. Bf8 Nf2 60. Be7 Nxh3 61. Bxf6 Nf2 62. Bxg5 h3 63. Bf4 Nxg4 0-1


[Site "https://www.chess.com"]

[Event "Titled Tuesday Blitz January 31 Early 2023"]
[White "Ashraf, Artin"]
[Black "Rasulov, Vugar"]
[WhiteFideId "22514805"]
[BlackFideId "13402390"]
[WhiteElo "2314"]
[BlackElo "2523"]
[Result "0-1"]
[Round "04"]
[TimeControl "180+2"]
[Date "2023.01.31"]
[WhiteClock "0:00:04"]
[BlackClock "0:00:03"]

1. Nf3 Nf6 2. e3 b6 3. b3 Bb7 4. Bb2 g6 5. d4 Bg7 6. c4 O-O 7. Nbd2 e6 8. Rc1 c5 9. Be2 Qe7 10. O-O d6 11. Qc2 Nbd7 12. Rfd1 Rac8 13. Qb1 Rfd8 14. h3 h6 15. Qa1 a6 16. a3 g5 17. b4 cxb4 18. axb4 g4 19. hxg4 Nxg4 20. d5 e5 21. Qb1 Ndf6 22. Nh4 h5 23. Nf5 Qf8 24. Ne4 Rc7 25. f3 Nxe4 26. Qxe4 Nh6 27. Bd3 Nxf5 28. Qxf5 Qe7 29. Qh7+ Kf8 30. Qxh5 Rdc8 31. Bf5 Rd8 32. e4 Bc8 33. Rc2 Bd7 34. Bc1 Ba4 35. Rdd2 Bxc2 36. Rxc2 b5 37. c5 dxc5 38. bxc5 Rxc5 39. Ba3 Rxc2 40. Bxe7+ Kxe7 41. Qg5+ Bf6 42. Qe3 Kf8 43. Qb6 Kg7 44. g3 Rh8 45. d6 Rhh2 46. d7 Rhd2 47. Bh3 Rc1+ 48. Bf1 Rxd7 49. Qxa6 Rdd1 50. Qxb5 Rxf1+ 51. Kg2 Rg1+ 52. Kh3 Rh1+ 53. Kg4 Rh6 54. f4 Rg6+ 55. Kf5 Rxg3 56. Qb6 Rg6 57. Qe3 Rf1 58. Qf3 Rg5+ 0-1


[Site "https://www.chess.com"]

[Event "Titled Tuesday Blitz January 31 Early 2023"]
[White "Malek, Jan"]
[Black "Svidler, Peter"]
[WhiteFideId "21864080"]
[BlackFideId "4102142"]
[WhiteElo "2370"]
[BlackElo "2683"]
[Result "0-1"]
[Round "04"]
[TimeControl "180+2"]
[Date "2023.01.31"]
[WhiteClock "0:00:02"]
[BlackClock "0:00:45"]

1. c4 g6 2. d4 Nf6 3. Nc3 d5 4. Nf3 Bg7 5. Bg5 Ne4 6. Bf4 Nxc3 7. bxc3 c6 8. e3 O-O 9. Qb3 Qa5 10. cxd5 cxd5 11. Bd3 Nc6 12. O-O Rd8 13. h3 b6 14. c4 Ba6 15. cxd5 Bxd3 16. dxc6 Bxf1 17. Rxf1 Rac8 18. Rc1 Qd5 19. Qa4 f6 20. Qxa7 Rxc6 21. Rxc6 Qxc6 22. Qxe7 Ra8 23. e4 Bf8 24. d5 Qc1+ 25. Bxc1 Bxe7 26. Be3 b5 27. Nd4 b4 28. Nc6 Bd6 29. f4 Rxa2 30. e5 b3 31. Bd4 Bc5 32. Bxc5 b2 33. e6 b1=Q+ 34. Kh2 Qe4 35. Ne7+ Kg7 0-1


[Site "https://www.chess.com"]

[Event "Titled Tuesday Blitz January 31 Early 2023"]
[White "Volkov, Maksim"]
[Black "Babazada, Khazar"]
[WhiteFideId "54123070"]
[BlackFideId "13413554"]
[WhiteElo "2258"]
[BlackElo "2474"]
[Result "0-1"]
[Round "04"]
[TimeControl "180+2"]
[Date "2023.01.31"]
[WhiteClock "0:00:30"]
[BlackClock "0:00:30"]

1. d4 Nf6 2. c4 g6 3. g3 Bg7 4. Bg2 O-O 5. Nf3 c5 6. O-O Nc6 7. d5 Na5 8. Qc2 d6 9. e4 e6 10. Re1 exd5 11. cxd5 Re8 12. Nc3 a6 13. a4 Bg4 14. Bf4 Qb6 15. Nd2 Bc8 16. h3 Nd7 17. Rab1 Ne5 18. Ne2 Bd7 19. b4 cxb4 20. Be3 Qd8 21. Rxb4 Rc8 22. Qb1 b5 23. axb5 Bxb5 24. Nd4 Nd3 25. Rxb5 Nxe1 26. Rb4 Nxg2 27. Kxg2 h5 28. h4 Qd7 29. Qa2 Nb7 30. Nc6 Nc5 31. f3 Nd3 32. Rb6 Ne5 33. Qxa6 Ra8 34. Qb5 Ra2 35. Rb7 Qc8 36. Rb8 Qd7 37. Rb7 Qc8 38. Qb3 Qa8 39. Nxe5 Bxe5 40. Qc4 Rxd2+ 0-1


[Site "https://www.chess.com"]

[Event "Titled Tuesday Blitz January 31 Early 2023"]
[White "Zhu, Jiner"]
[Black "Tactrics"]
[WhiteFideId "8608059"]
[WhiteElo "2507"]
[BlackElo "2800"]
[Result "0-1"]
[Round "04"]
[TimeControl "180+2"]
[Date "2023.01.31"]
[WhiteClock "0:00:03"]
[BlackClock "0:00:05"]

1. c4 c5 2. Nf3 Nf6 3. Nc3 e6 4. d4 cxd4 5. Nxd4 b6 6. e4 d6 7. f3 Bb7 8. Be3 a6 9. Be2 Nbd7 10. O-O Be7 11. Rc1 O-O 12. Qd2 Rc8 13. Rfd1 Qc7 14. Bf1 Qb8 15. Qf2 Bd8 16. b3 Bc7 17. g3 Kh8 18. Bg2 Rg8 19. Nc2 g5 20. Bd4 Rg6 21. Kh1 h5 22. Rd2 Kh7 23. Re1 Rcg8 24. a4 Rh6 25. b4 Qa8 26. Na1 Qb8 27. Nb3 h4 28. Kg1 hxg3 29. hxg3 d5 30. e5 dxc4 31. exf6 Bxg3 32. Qe2 Bxe1 33. Qxe1 Qh2+ 34. Kf1 cxb3 35. Qb1+ Rgg6 36. Bg1 Qc7 37. Qxb3 Nxf6 38. a5 bxa5 39. bxa5 Qxa5 40. Qxb7 Qxc3 41. Rd8 Qc1+ 42. Kf2 Qc2+ 43. Kf1 Qc4+ 44. Kf2 Rg7 45. Qb8 Qb5 46. Rh8+ Kg6 47. Rxh6+ Kxh6 48. Qh8+ Kg6 49. f4 Rh7 50. Qd8 Qb2+ 51. Kf1 Qc1+ 52. Kf2 Qxf4+ 53. Ke1 Qg3+ 54. Kf1 Qf4+ 55. Ke1 Qf5 56. Bd4 Kg7 57. Ke2 Rh2 0-1


[Site "https://www.chess.com"]

[Event "Titled Tuesday Blitz January 31 Early 2023"]
[White "Dubov, Daniil"]
[Black "Martinez Ramirez, Lennis"]
[WhiteFideId "24126055"]
[BlackFideId "3509079"]
[WhiteElo "2708"]
[BlackElo "2426"]
[Result "1/2-1/2"]
[Round "04"]
[TimeControl "180+2"]
[Date "2023.01.31"]
[WhiteClock "0:00:05"]
[BlackClock "0:00:20"]

1. d4 e6 2. Nf3 b6 3. e4 Bb7 4. Bd3 c5 5. d5 Nf6 6. O-O a6 7. c4 d6 8. Nc3 e5 9. Rb1 Be7 10. a3 O-O 11. b4 Nbd7 12. g3 Bc8 13. Nh4 g6 14. Bh6 Re8 15. Ng2 Bf8 16. Bg5 h6 17. Bd2 Bg7 18. Ne3 h5 19. Ng2 cxb4 20. axb4 a5 21. Nb5 axb4 22. Nxd6 Rf8 23. Bxb4 Nc5 24. Nxc8 Qxc8 25. Qe2 Ne8 26. Ra1 Nd6 27. Rxa8 Qxa8 28. Bxc5 bxc5 29. Rb1 Rb8 30. Rxb8+ Qxb8 31. Qc2 Qb4 32. h4 Bh6 33. Kf1 Kg7 34. Ne1 Bd2 35. Nf3 Bc3 36. Kg2 f6 37. Qa2 Qa5 38. Qc2 Qb4 39. Ng1 Kh6 40. Ne2 Bd2 41. Qa2 Qa5 42. Qxa5 Bxa5 43. Nc1 f5 44. f3 Kg7 45. Nb3 Bb4 46. Na1 Kf6 47. Nc2 Bc3 48. Kf1 f4 49. Kg2 g5 50. Na3 Be1 51. hxg5+ Kxg5 52. gxf4+ Kxf4 53. Nb5 Nxb5 54. cxb5 Ba5 55. Bc4 Bc7 56. Bd3 Ke3 57. Bf1 Kd4 58. Kh3 c4 59. Be2 c3 60. Bd1 Kd3 61. Kh4 c2 62. Bxc2+ Kxc2 63. Kxh5 Kd3 64. Kg6 Kc4 65. Kf5 Kxb5 66. Ke6 Kc5 67. Kd7 Bd6 68. Ke6 Bb8 69. Kd7 Bd6 70. Kc8 Kb6 71. Kd7 Kc5 1/2-1/2


[Site "https://www.chess.com"]

[Event "Titled Tuesday Blitz January 31 Early 2023"]
[White "Starozhilov, Leonid"]
[Black "Duda, Jan-Krzysztof"]
[WhiteFideId "14106752"]
[BlackFideId "1170546"]
[WhiteElo "2313"]
[BlackElo "2724"]
[Result "0-1"]
[Round "04"]
[TimeControl "180+2"]
[Date "2023.01.31"]
[WhiteClock "0:00:17"]
[BlackClock "0:01:56"]

1. e4 g6 2. d4 Bg7 3. Nc3 d5 4. exd5 Nf6 5. Nf3 O-O 6. Be2 Nxd5 7. Nxd5 Qxd5 8. c3 c5 9. dxc5 Qxc5 10. Be3 Qc7 11. O-O Nc6 12. Qa4 e5 13. Rfd1 h6 14. Qh4 Ne7 15. Qc4 Nc6 16. Qh4 h5 17. Bc5 Re8 18. h3 b6 19. Bd6 Qb7 20. Bb5 a6 21. Bc4 Be6 22. Bxe6 Rxe6 23. Ba3 Bf6 24. Qe4 b5 25. Rd5 Rae8 26. Rad1 Na5 27. b3 Qc6 28. R5d3 Qxe4 0-1


[Site "https://www.chess.com"]

[Event "Titled Tuesday Blitz January 31 Early 2023"]
[White "Sarana, Alexey"]
[Black "Agasarov, Benik"]
[WhiteFideId "24133795"]
[BlackFideId "13314823"]
[WhiteElo "2685"]
[BlackElo "2235"]
[Result "1-0"]
[Round "04"]
[TimeControl "180+2"]
[Date "2023.01.31"]
[WhiteClock "0:00:19"]
[BlackClock "0:00:03"]

1. c4 Nf6 2. Nc3 e5 3. Nf3 Nc6 4. g3 Bb4 5. Nd5 Bc5 6. Bg2 d6 7. O-O O-O 8. e3 a6 9. d4 Ba7 10. b3 Bg4 11. dxe5 dxe5 12. h3 Bh5 13. g4 Bg6 14. Bb2 Re8 15. Qe2 Be4 16. Rad1 Nxd5 17. cxd5 Nb4 18. Nxe5 Bxg2 19. Kxg2 Nxa2 20. Qf3 Qe7 21. Nd3 Nb4 22. Nf4 Qe4 23. d6 Qxf3+ 24. Kxf3 cxd6 25. Rxd6 Nc6 26. Rfd1 Rad8 27. Nh5 f6 28. g5 Rxd6 29. Rxd6 Ne5+ 30. Bxe5 Rxe5 31. Rd8+ Kf7 32. Rd7+ Re7 33. Rd5 fxg5 34. Rxg5 g6 35. Nf4 Bb8 36. Nd3 Kf6 37. Rd5 Ke6 38. Rd4 Rd7 39. Re4+ Kf7 40. Nc5 Rc7 41. Ne6 Re7 42. Nd8+ Ke8 43. Rxe7+ Kxe7 44. Nxb7 Ba7 45. Ke4 Kd7 46. Kd5 Kc7 47. Nc5 Kb6 48. Kc4 a5 49. Ne6 Bb8 50. Nf8 Bh2 51. f3 Bg1 52. e4 h5 53. Nxg6 Be3 54. Ne7 Bg1 55. f4 Bh2 56. e5 Kc7 57. Ng6 Kd7 58. Kd5 a4 59. bxa4 1-0


[Site "https://www.chess.com"]

[Event "Titled Tuesday Blitz January 31 Early 2023"]
[White "Martinez Alcantara, Jose Eduardo"]
[Black "Szpar, Milosz"]
[WhiteFideId "3805662"]
[BlackFideId "1184989"]
[WhiteElo "2619"]
[BlackElo "2447"]
[Result "1-0"]
[Round "04"]
[TimeControl "180+2"]
[Date "2023.01.31"]
[WhiteClock "0:00:51"]
[BlackClock "0:00:01"]

1. e4 e6 2. Ne2 d5 3. Ng3 c5 4. d3 Nc6 5. Nc3 Nf6 6. Be2 dxe4 7. Ngxe4 Be7 8. O-O O-O 9. Be3 b6 10. Bf3 Bb7 11. a4 Qd7 12. Re1 Rad8 13. Nd2 Nd5 14. Nc4 Nxe3 15. fxe3 Nb4 16. Bxb7 Qxb7 17. Qe2 Nd5 18. Ne4 f5 19. Ned2 a6 20. Nf3 b5 21. axb5 axb5 22. Nce5 f4 23. exf4 Rxf4 24. c4 Nc7 25. b3 Bf6 26. Rad1 Rf5 27. Ng4 Bc3 28. Rf1 Rdf8 29. Nf2 Qc6 30. Ne4 Bf6 31. Kh1 Bd4 32. h3 e5 33. Ng3 Rf4 34. Nxe5 Rxf1+ 35. Rxf1 Rxf1+ 36. Qxf1 Bxe5 37. Nf5 Qf6 38. Qf3 h6 39. g4 b4 40. Qe4 Ne6 41. Qd5 Kh7 42. Qe4 Ng5 43. Qe3 Qc6+ 44. Kg1 Bd4 45. Nxd4 cxd4 46. Qg3 Nf3+ 47. Kf2 Ng5 48. h4 Qf6+ 49. Ke2 Ne6 50. Kd1 Nf4 51. Qf3 Qe5 52. c5 Ne6 53. c6 Kg8 54. g5 hxg5 55. hxg5 Qxg5 56. Qe4 Qg1+ 57. Kc2 Qf2+ 58. Kb1 Qf1+ 59. Ka2 Qf2+ 60. Kb1 Qe3 61. Qf5 Qe1+ 62. Ka2 Qd2+ 63. Kb1 Qd1+ 64. Kb2 Qe2+ 65. Kb1 Qe3 66. Ka2 Qd2+ 67. Kb1 Qe3 68. Ka2 g5 69. Qd5 Kf7 70. c7 Qd2+ 71. Kb1 Qc3 72. Qd7+ Kf6 73. c8=Q Qe1+ 74. Qc1 Qe2 75. Qb5 1-0


[Site "https://www.chess.com"]

[Event "Titled Tuesday Blitz January 31 Early 2023"]
[White "Vlassov, Nikolai"]
[Black "Pranav, V"]
[WhiteFideId "4103360"]
[BlackFideId "25060783"]
[WhiteElo "2283"]
[BlackElo "2597"]
[Result "0-1"]
[Round "04"]
[TimeControl "180+2"]
[Date "2023.01.31"]
[WhiteClock "0:00:08"]
[BlackClock "0:00:10"]

1. e4 e5 2. Bc4 Nc6 3. f4 Bc5 4. Nf3 d6 5. Nc3 Nf6 6. f5 a6 7. d3 h6 8. Qe2 Nd4 9. Nxd4 exd4 10. Nd5 Nxd5 11. Bxd5 c6 12. Bb3 Qf6 13. O-O Bd7 14. Bf4 O-O-O 15. e5 dxe5 16. Qxe5 Qxe5 17. Bxe5 f6 18. Bg3 Rde8 19. Bf7 Re2 20. Rac1 Bb4 21. Bh5 Re7 22. c3 dxc3 23. bxc3 Ba3 24. Rc2 Re3 25. d4 a5 26. Bg6 b5 27. Re1 Rxe1+ 28. Bxe1 Be8 29. Re2 Bxg6 30. fxg6 Kd7 31. Kf2 Kd6 32. Bd2 Kd5 33. Ke3 Kc4 34. Kf4 b4 35. Re3 Rd8 36. Kf5 Bb2 37. cxb4 Rxd4 38. Be1 axb4 39. Ke6 f5 40. Kxf5 Rd6 41. Bh4 c5 42. Re4+ Bd4 43. Be7 Ra6 44. Bf8 Rf6+ 45. Kg4 Rxf8 0-1


[Site "https://www.chess.com"]

[Event "Titled Tuesday Blitz January 31 Early 2023"]
[White "Jobava, Baadur"]
[Black "Darini, Pouria"]
[WhiteFideId "13601520"]
[BlackFideId "12502200"]
[WhiteElo "2578"]
[BlackElo "2401"]
[Result "1-0"]
[Round "04"]
[TimeControl "180+2"]
[Date "2023.01.31"]
[WhiteClock "0:01:07"]
[BlackClock "0:00:02"]

1. b3 d5 2. Bb2 c6 3. d3 Bg4 4. Nd2 Nd7 5. g3 e6 6. Bg2 Ngf6 7. Ngf3 a5 8. a3 Be7 9. O-O O-O 10. h3 Bh5 11. Qe1 Ne8 12. e4 Nc7 13. g4 Bg6 14. Ne5 Nxe5 15. Bxe5 Bf6 16. Bxf6 Qxf6 17. f4 Qd4+ 18. Qf2 Qxf2+ 19. Kxf2 f6 20. Rae1 a4 21. b4 d4 22. Nc4 Nb5 23. e5 fxe5 24. Kg3 exf4+ 25. Rxf4 Rxf4 26. Kxf4 Rf8+ 27. Kg3 Re8 28. Re5 Re7 29. h4 Kf8 30. h5 Bf7 31. Be4 h6 32. Kf4 Ke8 33. g5 hxg5+ 34. Rxg5 Kf8 35. Ke5 Be8 36. Bh7 Rd7 37. Be4 Rf7 38. Bg6 Rf2 39. Bxe8 Re2+ 40. Kf4 Kxe8 41. Rxg7 Rxc2 42. h6 Kf8 43. Rxb7 Kg8 44. h7+ Kh8 45. Ne5 Rf2+ 46. Kg5 Rf5+ 47. Kg6 Nd6 48. Rb8+ 1-0


[Site "https://www.chess.com"]

[Event "Titled Tuesday Blitz January 31 Early 2023"]
[White "Cunha, Lucas Aguiar"]
[Black "Deac, Bogdan-Daniel"]
[WhiteFideId "2125404"]
[BlackFideId "1226380"]
[WhiteElo "2309"]
[BlackElo "2700"]
[Result "0-1"]
[Round "04"]
[TimeControl "180+2"]
[Date "2023.01.31"]
[WhiteClock "0:00:03"]
[BlackClock "0:00:04"]

1. e4 g6 2. d4 Bg7 3. Nc3 d6 4. Be3 Nc6 5. Qd2 e5 6. d5 Nce7 7. h3 f5 8. exf5 gxf5 9. Bg5 h6 10. Bh4 Nf6 11. f3 Ng6 12. Bf2 h5 13. Be3 h4 14. Bg5 O-O 15. O-O-O Qe8 16. Bd3 Nh7 17. Be3 Bd7 18. Kb1 b5 19. Re1 b4 20. Nce2 Qf7 21. Bc4 a5 22. Nc1 a4 23. Qxb4 Rfb8 24. Qd2 Qf6 25. Nge2 Rb7 26. Rd1 Rab8 27. b3 Bb5 28. Bxb5 Rxb5 29. Nc3 axb3 30. Nxb5 bxa2+ 31. Kxa2 Rxb5 32. c4 Rb8 33. Qa5 Qd8 34. Rd3 Ra8 35. Ba7 e4 36. Ra3 Qf6 37. Qb4 Rxa7 38. Rxa7 Qa1+ 39. Kb3 Qxa7 40. fxe4 fxe4 41. Re1 Ng5 42. Na2 Nf4 43. Qb5 Qa8 44. Nb4 Kh7 45. Qc6 Qb8 46. Qb5 Qf8 47. Rf1 Qf6 48. Ka4 e3 49. Qd7 e2 50. Re1 Qg6 51. Qg4 Qf6 52. Qxh4+ Bh6 53. Qg4 Qf7 54. h4 Qe8+ 55. Nc6 Ne4 56. Qf5+ Kh8 57. Rxe2 Nc5+ 58. Kb5 Nxe2 59. Qf6+ Bg7 60. Qg5 Nc3+ 61. Ka5 Qa8+ 62. Kb4 Qa4# 0-1


[Site "https://www.chess.com"]

[Event "Titled Tuesday Blitz January 31 Early 2023"]
[White "Kollars, Dmitrij"]
[Black "Leiva, Gianmarco"]
[WhiteFideId "12909572"]
[BlackFideId "3804399"]
[WhiteElo "2607"]
[BlackElo "2392"]
[Result "1-0"]
[Round "04"]
[TimeControl "180+2"]
[Date "2023.01.31"]
[WhiteClock "0:00:13"]
[BlackClock "0:00:06"]

1. Nf3 d5 2. g3 Nc6 3. d4 Bf5 4. Bg2 Nb4 5. Na3 e6 6. O-O Be7 7. Ne5 c6 8. c3 Na6 9. Nc2 Nf6 10. Ne3 Bg6 11. a4 O-O 12. a5 Nb8 13. b4 Nbd7 14. a6 Nxe5 15. axb7 Rb8 16. dxe5 Nd7 17. Rxa7 Qb6 18. Qa4 Nxe5 19. Ra6 Qxb7 20. Ra7 Qb6 21. Rxe7 Ra8 22. Qd1 Qd8 23. Rb7 Qc8 24. Re7 Qd8 25. Qd4 Qxe7 26. Qxe5 Ra1 27. c4 Rb1 28. cxd5 cxd5 29. Nxd5 Qd7 30. Nc3 f6 31. Qe3 Rb3 32. Rd1 Qc8 33. Bd2 Rd8 34. Rc1 Rb2 35. Be1 Rxb4 36. Nd5 Rc4 37. Ne7+ Kh8 38. Nxc8 Rxc1 39. Qxc1 1-0


[Site "https://www.chess.com"]

[Event "Titled Tuesday Blitz January 31 Early 2023"]
[White "Bortnyk, Olexandr"]
[Black "Mirzoev, Azer"]
[WhiteFideId "14120828"]
[BlackFideId "13400304"]
[WhiteElo "2605"]
[BlackElo "2416"]
[Result "1-0"]
[Round "04"]
[TimeControl "180+2"]
[Date "2023.01.31"]
[WhiteClock "0:00:48"]
[BlackClock "0:00:01"]

1. e4 e5 2. Nf3 Nc6 3. Bb5 Nf6 4. Nc3 Bb4 5. Nd5 Nxd5 6. exd5 Nd4 7. Nxd4 exd4 8. O-O O-O 9. c3 Bc5 10. Qf3 d6 11. d3 a6 12. Ba4 Bd7 13. Bxd7 Qxd7 14. c4 Rfe8 15. Bd2 b5 16. b3 bxc4 17. dxc4 h6 18. h3 Re7 19. Rfe1 Rae8 20. Rxe7 Rxe7 21. Re1 Rxe1+ 22. Bxe1 Qe7 23. Kf1 Qe5 24. g3 Bb6 25. Bd2 a5 26. Qd3 Qh5 27. g4 Qe5 28. Kg2 Qe8 29. a4 Qe5 30. f4 Qe8 31. Kf3 Qb8 32. Be1 Qa8 33. Bf2 Qa7 34. h4 Bc5 35. h5 Qb6 36. g5 hxg5 37. fxg5 Qb8 38. Kf4 Qd8 39. Bxd4 Qe7 40. Qe3 Qd8 41. Bxc5 dxc5 42. Qxc5 Qb8 43. Qe3 Qf8 44. c5 Qd8 45. Qe5 Qb8 46. g6 Qb4+ 47. Kf5 fxg6+ 48. hxg6 Qb8 49. Qe6+ Kh8 50. Qe7 Qc8+ 51. Ke5 1-0


[Site "https://www.chess.com"]

[Event "Titled Tuesday Blitz January 31 Early 2023"]
[White "Taspinar, Yanki"]
[Black "Bluebaum, Matthias"]
[WhiteFideId "34561188"]
[BlackFideId "24651516"]
[WhiteElo "2262"]
[BlackElo "2669"]
[Result "0-1"]
[Round "04"]
[TimeControl "180+2"]
[Date "2023.01.31"]
[WhiteClock "0:00:06"]
[BlackClock "0:01:20"]

1. Nf3 d5 2. d4 e6 3. c4 Nf6 4. Nc3 Bb4 5. e3 O-O 6. Bd2 b6 7. Rc1 Ba6 8. Qb3 c5 9. a3 Bxc3 10. Bxc3 Nbd7 11. Be2 Rc8 12. O-O Bxc4 13. Bxc4 dxc4 14. Qxc4 cxd4 15. Qxd4 Nc5 16. Bb4 Nb3 17. Qxd8 Rfxd8 18. Rcd1 Nd5 19. Ne5 f6 20. Nd3 e5 21. e4 Nxb4 22. Nxb4 Nd2 23. Rfe1 Nxe4 24. Rxd8+ Rxd8 25. Nc6 Rd2 26. f4 Nc5 27. fxe5 Nd3 28. Rb1 fxe5 29. Rf1 h6 30. Ne7+ Kh7 31. h4 Nf4 32. g3 Rg2+ 33. Kh1 Rxg3 34. Re1 Nd3 35. Re4 Nf2+ 0-1


[Site "https://www.chess.com"]

[Event "Titled Tuesday Blitz January 31 Early 2023"]
[White "Atakhan, Abtin"]
[Black "Kozak, Adam"]
[WhiteFideId "22502203"]
[BlackFideId "753246"]
[WhiteElo "2422"]
[BlackElo "2572"]
[Result "1/2-1/2"]
[Round "04"]
[TimeControl "180+2"]
[Date "2023.01.31"]
[WhiteClock "0:00:04"]
[BlackClock "0:00:05"]

1. d4 Nf6 2. c4 g6 3. Nc3 d5 4. Bf4 Bg7 5. e3 O-O 6. cxd5 Nxd5 7. Nxd5 Qxd5 8. Bxc7 Nc6 9. Nf3 Bg4 10. Be2 Rac8 11. Bg3 Rfd8 12. O-O a6 13. h3 Bf5 14. Qb3 Qxb3 15. axb3 Bc2 16. Bc4 b5 17. Rfc1 Nb4 18. Be2 Bxb3 19. Nd2 Bc2 20. f4 Bf6 21. Be1 Bd3 22. Kf1 Bxe2+ 23. Kxe2 Nc2 24. Rab1 e6 25. Ne4 Be7 26. Ba5 Re8 27. Kd3 f5 28. Nc5 Nxe3 29. Kxe3 Rc6 30. Nd3 Rd6 31. Bb4 Rd5 32. Rc7 Bf6 33. Ne5 Red8 34. Bc5 g5 35. g3 a5 36. Ra1 a4 37. Ra3 h6 38. b3 Ra8 39. bxa4 bxa4 40. Nd7 Bd8 41. Rb7 h5 42. Nb6 Bxb6 43. Rxb6 gxf4+ 44. gxf4 Kf7 45. Rb7+ Kf6 46. Be7+ Kf7 47. Bc5+ Kf6 48. Ra7 Rg8 49. Kf2 Rb8 50. R7xa4 Rb2+ 51. Ke3 Rh2 52. Kd3 Rxh3+ 53. Kc4 Rh1 54. Ra7 Rc1+ 55. Rc3 Rg1 56. Rh3 Kg6 57. Bf8 Rg4 58. Rg7+ Kf6 59. Rh7 Kg6 60. R3xh5 Rxf4 61. Be7 Rfxd4+ 62. Kc3 f4 63. R5h6+ Kf5 64. Rf7+ Ke4 65. Rxe6+ Kf3 66. Re1 Rd3+ 67. Kc2 R3d4 68. Bh4 Rc4+ 69. Kb3 Rc6 70. Rf6 Rb5+ 71. Ka4 Rcc5 72. Rf1+ Kg2 73. R6xf4 Ra5+ 74. Kb4 Rab5+ 75. Ka4 Ra5+ 76. Kb3 Rab5+ 77. Ka4 1/2-1/2


[Site "https://www.chess.com"]

[Event "Titled Tuesday Blitz January 31 Early 2023"]
[White "Han, Yichen"]
[Black "Terry, Renato"]
[WhiteFideId "1054430"]
[BlackFideId "3803457"]
[WhiteElo "2413"]
[BlackElo "2520"]
[Result "0-1"]
[Round "04"]
[TimeControl "180+2"]
[Date "2023.01.31"]
[WhiteClock "0:00:35"]
[BlackClock "0:01:58"]

1. e4 e6 2. d4 d5 3. Nc3 Nf6 4. Bg5 Bb4 5. e5 h6 6. Bc1 Ne4 7. Qg4 g6 8. Bd3 Nxc3 9. Bd2 Nxa2 10. c3 Be7 11. Rxa2 c5 12. h4 Nc6 13. Nf3 cxd4 14. cxd4 Nb4 15. Bxb4 Bxb4+ 16. Ke2 Be7 17. Raa1 Bd7 18. Bxg6 Rg8 19. h5 Qb6 20. Bxf7+ Kxf7 21. Qf4+ Kg7 22. Rh3 Qxb2+ 23. Ke3 Qc3+ 24. Ke2 Bb5+ 25. Kd1 Qxa1+ 26. Kd2 Qb2+ 27. Kd1 Qe2+ 28. Kc1 Ba3+ 29. Kb1 Qb2# 0-1


[Site "https://www.chess.com"]

[Event "Titled Tuesday Blitz January 31 Early 2023"]
[White "Shimanov, Aleksandr"]
[Black "Piesik, Piotr"]
[WhiteFideId "4198603"]
[BlackFideId "1136194"]
[WhiteElo "2581"]
[BlackElo "2426"]
[Result "1-0"]
[Round "04"]
[TimeControl "180+2"]
[Date "2023.01.31"]
[WhiteClock "0:01:11"]
[BlackClock "0:00:38"]

1. d4 c5 2. e4 cxd4 3. Qxd4 Nc6 4. Qd3 Nf6 5. Nc3 e6 6. Bf4 Bb4 7. O-O-O Qa5 8. Nge2 O-O 9. a3 Bc5 10. f3 a6 11. g4 b5 12. e5 b4 13. exf6 bxc3 14. Nxc3 gxf6 15. Ne4 Be7 16. Bd6 Kg7 17. Rg1 Ne5 18. Qe3 Bxd6 19. Nxd6 Ng6 20. f4 Rb8 21. f5 Qe5 22. Qd4 Qxd4 23. Rxd4 Ne5 24. Be2 Bb7 25. Rg3 Bd5 26. c4 Rb6 27. c5 Rc6 28. b4 Rb8 29. h4 h6 30. Re3 Rbb6 31. Ne8+ Kf8 32. Nxf6 1-0


[Site "https://www.chess.com"]

[Event "Titled Tuesday Blitz January 31 Early 2023"]
[White "Belozerov, Andrei"]
[Black "Lenderman, Aleksandr"]
[WhiteFideId "4120213"]
[BlackFideId "2021285"]
[WhiteElo "2461"]
[BlackElo "2572"]
[Result "0-1"]
[Round "04"]
[TimeControl "180+2"]
[Date "2023.01.31"]
[WhiteClock "0:00:08"]
[BlackClock "0:01:21"]

1. e4 c6 2. d4 d5 3. exd5 cxd5 4. Bd3 Nc6 5. c3 Qc7 6. Ne2 Bg4 7. O-O e6 8. Qe1 Bd6 9. Ng3 Nf6 10. f3 Bh5 11. f4 O-O-O 12. Nxh5 Nxh5 13. g3 g6 14. Nd2 Rhe8 15. a4 f5 16. a5 Nf6 17. a6 b6 18. Nf3 Ne4 19. Ne5 Rg8 20. Bb5 Nxe5 21. fxe5 Bxe5 22. Be3 Bd6 23. c4 dxc4 24. Rc1 Kb8 25. Rxc4 Qe7 26. Bc6 Rc8 27. Qe2 Rc7 28. Rfc1 Rgc8 29. Kg2 Nf6 30. Bf3 Nd5 31. Bd2 Rxc4 32. Rxc4 Qd7 33. b3 b5 34. Rxc8+ Kxc8 35. Ba5 Bc7 36. Bxc7 Kxc7 37. Qe5+ Kb6 38. Qb8+ Kxa6 39. Be2 Ka5 40. h4 Kb4 41. h5 Nc3 42. Bd3 Qxd4 43. Qf8+ Kxb3 44. Bf1 Ne4 45. Kh3 Qf2 46. Qb8 Qxf1+ 47. Kh2 Qf2+ 48. Kh3 Ng5+ 49. Kh4 Nf3+ 50. Kh3 Qh2# 0-1


[Site "https://www.chess.com"]

[Event "Titled Tuesday Blitz January 31 Early 2023"]
[White "Kononenko, Dmitry"]
[Black "Svane, Rasmus"]
[WhiteFideId "14113538"]
[BlackFideId "4657101"]
[WhiteElo "2256"]
[BlackElo "2623"]
[Result "0-1"]
[Round "04"]
[TimeControl "180+2"]
[Date "2023.01.31"]
[WhiteClock "0:00:03"]
[BlackClock "0:00:03"]

1. d4 Nf6 2. c4 e6 3. g3 d5 4. Nf3 Bb4+ 5. Bd2 a5 6. Bg2 O-O 7. Qc2 c6 8. O-O h6 9. Bf4 Be7 10. Rd1 Nbd7 11. Nbd2 g5 12. Be3 Ng4 13. Nf1 f5 14. Bd2 Bd6 15. Be1 Qe7 16. h3 Ngf6 17. cxd5 cxd5 18. Rac1 b6 19. Bc3 Ne4 20. N1d2 Ba6 21. Bf1 Rac8 22. Qb3 h5 23. Nxe4 fxe4 24. Ne5 Nxe5 25. dxe5 Bc5 26. e3 Bxf1 27. Rxf1 h4 28. Bd4 hxg3 29. fxg3 Bxd4 30. exd4 Rxc1 31. Rxc1 Rf3 32. Qxb6 e3 33. Rc8+ Rf8 34. Rxf8+ Kxf8 35. Qb3 e2 36. Qf3+ Kg7 37. Qxe2 Qb4 38. Qf2 Kg8 39. b3 Qc3 40. Kh2 Qd3 41. Qb2 Qe3 42. a3 g4 43. h4 Qd3 44. b4 axb4 45. axb4 Qb5 46. Qd2 Kh7 47. Qc2+ Kg7 48. Qd2 Kh7 49. Kg2 Qc4 50. Qb2 Qb5 51. Kf2 Kh6 52. Qd2+ Kh7 53. Qc2+ Kh6 54. Qb2 Kh7 55. Qb1+ Kh6 56. Ke3 Kg7 57. Qb2 Kh6 58. Kf4 Qd3 59. Qf2 Qe4# 0-1


[Site "https://www.chess.com"]